 Dungeon Crawl Stone Soup version 0.26.0-45-g9c1d065592 (webtiles) character file.

Game seed: 4766175306227120791

2195 sizableburger the Chiller (level 9, -5/65 HPs)
             Began as a Mummy Ice Elementalist on Jan 31, 2021.
             Was a Follower of Sif Muna.
             Shot with a sling bullet by Joseph (22 damage)
             ... on level 7 of the Dungeon.
             The game lasted 00:25:04 (7584 turns).

sizableburger the Chiller (Mummy Ice Elementalist)  Turns: 7584, Time: 00:25:06

Health: -5/65      AC: 12    Str: 11    XL:     9   Next: 12%
Magic:  1/24       EV: 13    Int: 17    God:    Sif Muna [*.....]
Gold:   370        SH:  0    Dex: 13    Spells: 5/16 levels left

rFire    x . .     SeeInvis .   r - +4 quarterstaff (chaos)
rCold    + . .     Faith    .   (shield currently unavailable)
rNeg     + + +     Spirit   .   a - +0 robe
rPois    ∞         Reflect  .   o - +1 helmet
rElec    .         Harm     .   c - +0 cloak
rCorr    .         Rampage  .   (no gloves)
Will     +....                  s - +0 pair of boots
Stlth    ++........             l - amulet of magic regeneration
HPRegen  0.20/turn              k - ring of magical power
MPRegen  0.44/turn              (no ring)

@: icy armour, frozen ramparts
A: no potions, fire vulnerability, cold resistance 1, negative energy resistance
3, torment resistance, unbreathing
a: Renounce Religion, Channel Magic


You were on level 7 of the Dungeon.
You worshipped Sif Muna.
Sif Muna was aware of your devotion.
You visited 2 branches of the dungeon, and saw 8 of its levels.

You collected 370 gold pieces.

Inventory:

Hand Weapons
 r - a +4 quarterstaff of chaos (weapon)
Armour
 a - a +0 robe (worn)
 c - a +0 cloak (worn)
 m - a +0 buckler
 o - a +1 helmet (worn)
 s - a +0 pair of boots (worn)
Jewellery
 k - a ring of magical power (left hand)
 l - an amulet of magic regeneration (around neck)
 n - a +4 ring of slaying {unknown}
 u - an uncursed amulet of faith
Wands
 e - a wand of flame (11)
 i - a wand of acid (7)
Scrolls
 b - 2 scrolls of fog
 d - 2 scrolls of amnesia
 f - a scroll of enchant weapon
 g - 3 scrolls of teleportation
 h - 3 scrolls of magic mapping
 j - 3 scrolls of remove curse
 q - a scroll of fear
 t - a scroll of blinking {unknown}


   Skills:
 + Level 3.7 Fighting
 + Level 3.0 Staves
 - Level 3.2 Dodging
 - Level 1.5 Stealth
 - Level 4.1 Spellcasting
 + Level 5.2 Summonings
 - Level 6.1 Ice Magic
 + Level 3.3 Invocations


You had 5 spell levels left.
You knew the following spells:

 Your Spells              Type           Power        Failure   Level
a - Freeze                Ice            96%          1%          1
b - Frozen Ramparts       Ice            48%          3%          3
c - Ozocubu's Armour      Ice            24%          3%          3
d - Summon Ice Beast      Ice/Summ       22%          16%         4

Your spell library contained the following spells:

 Spells                   Type           Power        Failure   Level
 Hailstorm                Conj/Ice       13%          41%         4


Dungeon Overview and Level Annotations

Branches:
Dungeon (7/15)             Temple (1/1) D:4

Altars:
Cheibriados
Dithmenos
Elyvilon
Fedhas
Gozag
Hepliaklqana
Kikubaaqudgha
Makhleb
Qazlal
Ru
Sif Muna
Trog
Uskayaw
Vehumet
Wu Jian
Xom
Yredelemnul
Zin
The Shining One

Shops:
D:4 !

Annotations:
D:7 Joseph


Innate Abilities, Weirdness & Mutations

You do not drink.
Your flesh is vulnerable to fire.
You are immune to poison.
Your flesh is cold resistant. (rC+)
You are immune to negative energy. (rN+++)
You are immune to unholy pain and torment.
You can survive without breathing.


Message History

Orders for allies: a - Attack new target. p - Attack previous target. r - Retreat! s - Stop attacking. g - Guard the area. f - Follow me.
Anything else - Cancel.
Gang up on whom?
Press: ? - help, Dir - move target, f/p - Joseph
Aim: Joseph, wielding a +4 hunting sling of freezing, wearing a +0 ring mail and quivering 17 sling bullets (severely wounded) Attack!
Joseph shoots a sling bullet.
The sling bullet hits you!
* * * LOW HITPOINT WARNING * * *
The sling bullet freezes you.
* * * LOW HITPOINT WARNING * * *
Casting: Summon Ice Beast (dangerous; 16% risk of failure)
Confirm with . or Enter, or press ? or * to list all spells.
Casting: Frozen Ramparts (dangerous; 3% risk of failure)
Press: ? - help, Dir - look around, f - activate The walls around you are covered in ice.
The wall freezes Joseph.
Joseph shoots a sling bullet.
The sling bullet closely misses your ice beast.
The sling bullet hits you!!
You die...

#......# .....
#......#......
#..Y...#^.....
####
###..##........
#...
####.§.###(#......
#...##....###
#@.......
.#....#.#..#
#)##$....
..e>....e.######Y#
....
..#....#####...)@#
###
>.###....)...#####
........####.#
........###..####
........#...#...#.
................(.
...##.##..#[......
..................
....(.............


You could see Joseph and a friendly ice beast (summoned).

Vanquished Creatures
  Grinder (D:4)
  A nameless horror (D:7)
  Menkaure (D:7)
  Duvessa (D:7)
  2 ice beasts (D:5)
  A sky beast (D:7)
  A phantom (D:4)
  An ogre (D:7)
  5 bullfrogs
  3 scorpions
  6 killer bees (D:7)
  A howler monkey (D:5)
  A bullfrog zombie (D:7)
  A bullfrog skeleton (D:7)
  A centaur skeleton (D:6)
  An orc priest (D:7)
  3 orc wizards
  Crazy Yiuf (D:6)
  2 worker ants
  A worker ant zombie (D:5)
  Robin (D:2)
  4 adders
  3 gnolls (D:3)
  A shadow imp (D:5)
  An ufetubus (D:5)
  An adder skeleton (D:2)
  6 worms
  2 dart slugs
  5 leopard geckos
  7 orcs
  5 giant cockroaches
  16 goblins
  12 hobgoblins
  4 jackals
  4 quokkas
  4 ball pythons
  A ball python zombie (D:5)
  7 bats
  5 frilled lizards
  A jackal skeleton (D:5)
  5 kobolds
  A quokka skeleton (D:6)
  7 rats
138 creatures vanquished.

Vanquished Creatures (collateral kills)
  A phantom (D:6)
  Dowan (D:7)
  A shadow imp (D:7)
3 creatures vanquished.

Grand Total: 141 creatures vanquished

Notes
Turn   | Place    | Note
-------+----------+-------------------------------------------
     0 | D:1      | sizableburger the Mummy Ice Elementalist began the quest
                  | for the Orb.
     0 | D:1      | Reached XP level 1. HP: 13/13 MP: 4/4
   318 | D:1      | Reached XP level 2. HP: 17/19 MP: 0/6
   941 | D:2      | Found a burning altar of Makhleb.
   997 | D:2      | Reached XP level 3. HP: 24/24 MP: 4/7
  1004 | D:2      | Learned a level 3 spell: Frozen Ramparts
  1585 | D:2      | Learned a level 3 spell: Ozocubu's Armour
  1867 | D:2      | Reached XP level 4. HP: 27/30 MP: 6/9
  2092 | D:2      | Noticed Robin
  2122 | D:2      | Killed Robin
  2522 | D:3      | Reached skill level 4 in Ice Magic
  2522 | D:3      | Reached XP level 5. HP: 27/35 MP: 4/11
  2786 | D:3      | Learned a level 4 spell: Summon Ice Beast
  3104 | D:3      | Reached skill level 1 in Summonings
  3130 | D:3      | Found a bloodstained altar of Trog.
  3148 | D:3      | Reached XP level 6. HP: 41/41 MP: 3/12
  3695 | D:4      | Noticed Grinder
  3877 | D:4      | Found a hide-covered altar of Uskayaw.
  3896 | D:4      | Found an ancient bone altar of Kikubaaqudgha.
  3901 | D:4      | Found an ornate altar of the Wu Jian Council.
  3906 | D:4      | Found a hazy altar of Hepliaklqana.
  3911 | D:4      | Found a radiant altar of Vehumet.
  3916 | D:4      | Found a shadowy altar of Dithmenos.
  3931 | D:4      | Found a snail-covered altar of Cheibriados.
  4040 | D:4      | Killed Grinder
  4041 | D:4      | Reached skill level 5 in Ice Magic
  4041 | D:4      | Reached XP level 7. HP: 46/46 MP: 9/13
  4063 | D:4      | Found Wiup's Distillery.
  4444 | D:4      | Found a staircase to the Ecumenical Temple.
  4475 | Temple   | Entered the Ecumenical Temple
  4536 | Temple   | Became a worshipper of Sif Muna the Loreminder
  4982 | D:5      | Entered Level 5 of the Dungeon
  5465 | D:5      | Found a white marble altar of Elyvilon.
  5632 | D:5      | Reached skill level 6 in Ice Magic
  6312 | D:6      | Found a runed translucent door.
  6313 | D:6      | Noticed Crazy Yiuf
  6376 | D:6      | Killed Crazy Yiuf
  6548 | D:6      | Reached XP level 8. HP: 13/53 MP: 12/14
  7015 | D:6      | Reached skill level 1 in Fighting
  7015 | D:6      | Reached skill level 1 in Invocations
  7029 | D:6      | Reached skill level 1 in Staves
  7059 | D:7      | Noticed Menkaure
  7102 | D:7      | Killed Menkaure
  7233 | D:7      | Noticed a nameless horror
  7242 | D:7      | Killed a nameless horror
  7387 | D:7      | Noticed Duvessa
  7387 | D:7      | Noticed Dowan
  7396 | D:7      | Killed Duvessa
  7397 | D:7      | Reached skill level 5 in Summonings
  7554 | D:7      | Reached XP level 9. HP: 63/64 MP: 15/15
  7557 | D:7      | Noticed Joseph
  7578 | D:7      | Killed Dowan
  7578 | D:7      | Reached * piety under Sif Muna
  7584 | D:7      | Shot with a sling bullet by Joseph

Illustrated notes

Levels and vault maps discovered:
D:1:      erik_arrival_triangle_large, layout_loops_cross,
          corexii_leaking_fountain, minmay_tall_x
D:2:      layout_basic, bloody_makhleb, minmay_mini_jars, uniq_robin
D:3:      layout_loops_cross, nicolae_overflow_hidden_temple,
          minmay_misc_feat_columns, st_stairs_1
D:4:      layout_cave_pools, grunt_temple_overflow_octagram,
          minmay_temple_entry_slanted, serial_shops, nicolae_shop_statue_plus,
          uniq_grinder
D:5:      layout_loops_ring, elyvilon_altar_3
D:6:      layout_basic, bh_walls_and_bars, uniq_crazy_yiuf_cottage
D:7:      cheibrodos_helix_gallery, layout_rooms, minmay_holes, uniq_joseph,
          uniq_duvessa, uniq_menkaure
Temple:   compressed_dpeg_triangle_lava_temple

Skill      XL: |  1  2  3  4  5  6  7  8  9 |
---------------+----------------------------+-----
Spellcasting   | 3 4 |  4.1
Dodging        | 2 3 |  3.2
Ice Magic      | 4 5 6 |  6.1
Summonings     | 1 2 4 5 |  5.2
Fighting       | 3 |  3.7
Invocations    | 3 |  3.3
Staves         | 2 3 |  3.0
Stealth        | |  1.5

Action                   |  1- 3 |  4- 6 |  7- 9 || total
-------------------------+-------+-------+-------++-------
Melee: Unarmed           |    12 |       |       ||    12
       Dagger            |    54 |    93 |   132 ||   279
       Quarterstaff      |       |       |    41 ||    41
 Cast: Freeze            |    39 |     7 |       ||    46
       Frozen Ramparts   |     6 |    14 |    25 ||    45
       Ozocubu's Armour  |       |     9 |    13 ||    22
       Summon Ice Beast  |       |       |    14 ||    14
Evoke: Wand              |       |     3 |     9 ||    12
  Use: Scroll            |       |     9 |     4 ||    13
 Stab: Distracted        |     1 |       |       ||     1
       Sleeping          |       |     4 |       ||     4
Armor: Robe              |    26 |    34 |    70 ||   130
Dodge: Dodged            |    66 |    90 |   147 ||   303
